 Dungeon Crawl Stone Soup version 0.29-a0-330-g52719c12eb (webtiles) character file.

Game seed: 11401885595404015029

10201 Armakuni the Cruncher (level 11, -2/80 HPs)
             Began as a Human Fighter on May 26, 2022.
             Was an Initiate of Elyvilon.
             Slain by a yak (12 damage)
             ... on level 9 of the Dungeon on May 27, 2022.
             The game lasted 00:22:31 (11118 turns).

Armakuni the Cruncher (Human Fighter)              Turns: 11118, Time: 00:22:32

Health: -2/80      AC: 13    Str: 17    XL:     11   Next: 88%
Magic:  12/12      EV: 10    Int: 13    God:    Elyvilon [......]
Gold:   570        SH:  0    Dex: 12    Spells: 10/10 levels left

rFire   + . .      SeeInvis .   a - +9 lajatang (speed)
rCold   + + .      Faith    .   (shield currently unavailable)
rNeg    . . .      Spirit   .   q - +4 ring mail
rPois   .          Reflect  .   t - +0 hat
rElec   .          Harm     .   i - scarf {rC+ rF+}
rCorr   .          Rampage  .   (no gloves)
Will    .....                   (no boots)
Stlth   +.........              (no amulet)
HPRegen 0.23/turn               A - +4 ring of protection
MPRegen 0.13/turn               I - ring of protection from cold

@: no status effects
A: no striking features
a: Renounce Religion


You were on level 9 of the Dungeon.
You worshipped Elyvilon.
Elyvilon was noncommittal.
You visited 2 branches of the dungeon, and saw 10 of its levels.
You also visited: Sewer.

You collected 655 gold pieces.
You spent 85 gold pieces at shops.

Inventory:

Hand Weapons
 a - a +9 lajatang of speed (weapon)
 v - a +4 quarterstaff of chaos
Missiles
 u - a throwing net
Armour
 i - a scarf of resistance (worn)
 q - a +4 ring mail (worn)
 t - a +0 hat (worn)
 y - +1 steam dragon scales
Magical Staves
 D - a staff of fire
Jewellery
 b - a +6 ring of strength
 A - a +4 ring of protection (left hand)
 I - a ring of protection from cold (right hand)
 J - a ring of ice
 L - a ring of willpower
 U - an amulet of faith
 W - a ring of wizardry
Wands
 f - a wand of flame (33) (quivered)
 h - a wand of acid (28)
 m - a wand of polymorph (13)
 p - a wand of paralysis (2)
Scrolls
 c - 2 scrolls of blinking
 j - 5 scrolls of fog
 l - 3 scrolls of summoning
 r - 3 scrolls of teleportation
 s - a scroll of fear
 w - 2 scrolls of noise
 E - a scroll of holy word
 H - 5 scrolls of vulnerability
 K - 2 scrolls of amnesia
Potions
 d - 2 potions of might
 e - 2 potions of mutation
 g - 2 potions of lignification
 k - 7 potions of curing
 n - 6 potions of brilliance
 x - a potion of heal wounds
 z - a potion of cancellation {unknown}
 B - 3 potions of ambrosia
 C - a potion of berserk rage {unknown}
 F - a potion of invisibility {unknown}
 G - a potion of haste


   Skills:
 + Level 5.4 Fighting
 - Level 2.0(9.2) Maces & Flails
 - Level 13.9(14.0) Staves
 - Level 3.0 Armour
 - Level 3.0 Shields
 + Level 2.0 Invocations
 - Level 10.0 Evocations


You had 10 spell levels left.
You didn't know any spells.
Your spell library contained the following spells:

 Spells                   Type           Power      Damage    Failure   Level
 Sandblast                Erth           0%         2d4       50%         1
 Ensorcelled Hibernation  Hex/Ice        0%         N/A       63%         2
 Passwall                 Tmut/Erth      0%         N/A       63%         2
 Stone Arrow              Conj/Erth      0%         3d7       86%         3
 Swiftness                Air            0%         N/A       86%         3
 Animate Armour           Summ/Erth      0%         N/A       99%         4
 Lehudib's Crystal Spear  Conj/Erth      0%         10d2      100%        8


Dungeon Overview and Level Annotations

Branches:
Dungeon (9/15)             Temple (1/1) D:7            Lair (0/6) D:9
  Sewer (visited)
    Orc: D:9-12

Altars:
Cheibriados
Dithmenos
Elyvilon
Fedhas
Gozag
Hepliaklqana
Kikubaaqudgha
Makhleb
Nemelex Xobeh
Okawaru
Qazlal
Ru
Sif Muna
Trog
Uskayaw
Vehumet
Wu Jian
Xom
Yredelemnul
Zin
The Shining One
Lugonu

Shops:
D:3 *   D:5 [   D:7 *   D:9 (

Annotations:
D:7 1 transporter


Message History

The yak gores you but does no damage.
Items here: ) [ ††.
You hit the yak.
The yak is lightly wounded.
The yak closely misses you. The yak gores you but does no damage.
The yak gores you!
You slash the yak!
The yak is heavily wounded.
You hit the yak.
The yak is severely wounded.
The yak barely misses you. The yak gores you but does no damage.
The yak gores you! The yak attacks as you move away!
The yak gores you but does no damage. The yak attacks as you move away!
The yak gores you but does no damage. The yak attacks as you move away!
The yak gores you!
You are too injured to fight recklessly!
You are too injured to fight recklessly!
You are too injured to fight recklessly!
You slash the yak!
The yak is lightly wounded.
You slash the yak!
The yak is heavily wounded.
You slash the yak!
The yak is almost dead.
The yak gores you!
* * * LOW HITPOINT WARNING * * *
You slice the yak!!
You kill the yak!
Your Invocations skill increases to level 2!
The yak gores you.
* * * LOW HITPOINT WARNING * * *
The yak gores you.
* * * LOW HITPOINT WARNING * * *
Items here: ) [ †††.
The yak gores you but does no damage. The yak gores you.
* * * LOW HITPOINT WARNING * * *
You closely miss the yak.
The yak is severely wounded.
The yak gores you!
You die...

..#.#........>..........#..###.#
#+#.....................#..# .#
........................'... #
...#######.......#......#....
#..# #.......########.#.. #..#
##.....##........#.. #..#
####...###...........
...#....#.....#)Y............
...#....#.....#Y@............
...#....+.....#..............
##.#....#.....(..............
#.#....##....#......÷.......
##.#....##....#.............#
...#....#####'#.............#
...#....'.......(.....##....#
...#....#.............# ...#
...#....#.............# ...


You could see 2 yaks.

Vanquished Creatures
  Harold (D:9)
  2 two-headed ogres
  Pikel (D:9)
  A deep elf zephyrmancer (D:9)
  Maggie (D:6)
  A hornet (D:9)
  Sigmund (D:2)
  Eustachio (D:6)
  3 yaks (D:9)
  A wyvern (D:9)
  A wraith (D:9)
  A steam dragon (D:8)
  Grum (D:5)
  Menkaure (D:6)
  Edmund (D:4)
  4 water moccasins
  3 wargs (D:9)
  Duvessa (D:4)
  2 ice beasts
  2 sky beasts (D:6)
  A black bear (D:6)
  2 orc warriors (D:8)
  An ogre (D:6)
  4 centaurs
  2 wolves
  A phantom (D:6)
  3 kobold brigands
  Blork the orc (D:4)
  2 necrophages
  6 bullfrogs
  3 gnoll sergeants (D:5)
  2 scorpions (D:6)
  Dowan (D:4)
  4 wights (D:9)
  9 killer bees (D:8)
  4 howler monkeys
  3 gnoll shamans
  Crazy Yiuf (D:5)
  10 orc priests
  7 hounds
  A jelly (D:6)
  Ijyb (D:4)
  5 iguanas
  7 orc wizards
  21 gnolls
  14 adders
  A shadow imp (D:6)
  3 white imps
  3 ufetubi
  3 worms
  2 dart slugs (D:1)
  38 orcs
  14 ball pythons
  12 endoplasms
  17 giant cockroaches
  7 hobgoblins
  8 jackals
  15 kobolds
  13 quokkas
  2 bats (D:1)
  11 frilled lizards
  8 goblins
  6 rats
309 creatures vanquished.

Notes
Turn   | Place    | Note
-------+----------+-------------------------------------------
     0 | D:1      | Armakuni the Human Fighter began the quest for the Orb.
     0 | D:1      | Reached XP level 1. HP: 18/18 MP: 1/1
    35 | D:1      | Found a faded altar of an unknown god.
    84 | D:1      | Reached skill level 1 in Staves
    84 | D:1      | Reached XP level 2. HP: 16/24 MP: 2/2
   427 | D:1      | Identified a scroll of acquirement
   427 | D:1      | Acquired a +4 lajatang of speed
   578 | D:1      | Reached XP level 3. HP: 27/29 MP: 3/3
  1287 | D:2      | Found a burning altar of Makhleb.
  1291 | D:2      | Reached skill level 2 in Staves
  1301 | D:2      | Reached XP level 4. HP: 36/37 MP: 4/4
  2026 | D:2      | Noticed Sigmund
  2032 | D:2      | Killed Sigmund
  2033 | D:2      | Reached skill level 3 in Staves
  2033 | D:2      | Reached XP level 5. HP: 31/43 MP: 5/5
  2033 | D:2      | Reached XP level 6. HP: 36/50 MP: 6/6
  2341 | D:3      | Reached skill level 5 in Fighting
  2620 | D:3      | Found Zuophi's Assorted Antiques.
  2634 | D:3      | Bought a scroll labelled FAESANK MEPNUSO for 17 gold pieces
  2634 | D:3      | Bought a jewelled wooden wand for 68 gold pieces
  2882 | D:3      | Reached skill level 4 in Staves
  3316 | D:4      | Noticed Edmund
  3323 | D:4      | Killed Edmund
  3324 | D:4      | Reached skill level 5 in Staves
  3324 | D:4      | Reached XP level 7. HP: 50/56 MP: 7/7
  3376 | D:4      | Noticed Ijyb
  3385 | D:4      | Killed Ijyb
  3453 | D:4      | Noticed Duvessa
  3453 | D:4      | Noticed Dowan
  3457 | D:4      | Killed Duvessa
  3458 | D:4      | Reached skill level 1 in Evocations
  3461 | D:4      | Killed Dowan
  3462 | D:4      | Reached skill level 6 in Staves
  3610 | D:4      | Noticed Blork the orc
  3619 | D:4      | Killed Blork the orc
  3620 | D:4      | Reached XP level 8. HP: 61/62 MP: 8/8
  3807 | D:5      | Entered Level 5 of the Dungeon
  3826 | D:4      | Reached skill level 7 in Staves
  4384 | D:5      | Noticed Grum
  4391 | D:5      | Killed Grum
  4392 | D:5      | Reached skill level 5 in Evocations
  4421 | D:5      | Found a glowing drain.
  4434 | Sewer    | Entered a sewer
  4461 | Sewer    | Reached XP level 9. HP: 68/68 MP: 9/9
  4749 | Sewer    | Reached skill level 8 in Staves
  4875 | D:5      | Found Atuaroa's Armour Shop.
  5256 | D:5      | Reached skill level 9 in Staves
  5829 | D:5      | Found a runed translucent door.
  5830 | D:5      | Noticed Crazy Yiuf
  6016 | D:5      | Killed Crazy Yiuf
  6180 | D:6      | Noticed Maggie
  6189 | D:6      | Killed Maggie
  6190 | D:6      | Reached XP level 10. HP: 74/74 MP: 10/10
  6301 | D:6      | Noticed Eustachio
  6323 | D:6      | Killed Eustachio
  6324 | D:6      | Reached skill level 10 in Staves
  6398 | D:6      | Noticed a two-headed ogre
  6406 | D:6      | Killed a two-headed ogre
  6931 | D:6      | Noticed Menkaure
  6935 | D:6      | Killed Menkaure
  6936 | D:6      | Reached skill level 11 in Staves
  7572 | D:7      | Found Icish's Neck Hole.
  7639 | D:7      | Found a staircase to the Ecumenical Temple.
  7644 | Temple   | Entered the Ecumenical Temple
  8070 | D:7      | Found a blossoming altar of Fedhas.
  8195 | D:7      | Found a corrupted altar of Lugonu.
  8195 | D:7      | Noticed a red ugly thing
  8276 | D:7      | Found a transporter.
  8278 | D:7      | Noticed a green ugly thing
  8331 | D:7      | Noticed a cyan ugly thing
  8752 | D:8      | Reached XP level 11. HP: 55/79 MP: 11/11
  8876 | D:8      | Reached skill level 10 in Evocations
  9086 | D:8      | Reached skill level 12 in Staves
  9443 | D:8      | Found a white marble altar of Elyvilon.
  9443 | D:8      | Found a shimmering blue altar of Sif Muna.
  9443 | D:8      | Found a shimmering altar of Xom.
  9862 | D:9      | Noticed Pikel
  9868 | D:9      | Killed Pikel
  9874 | D:9      | Noticed a two-headed ogre
  9883 | D:9      | Killed a two-headed ogre
  9884 | D:9      | Reached skill level 13 in Staves
  9937 | D:9      | Found a staircase to the Lair.
 10491 | D:9      | Found Dadwick's Antique Weapon Shop.
 10576 | D:9      | Noticed a deep elf zephyrmancer
 10581 | D:9      | Killed a deep elf zephyrmancer
 10792 | D:8      | Became a worshipper of Elyvilon the Healer
 10867 | D:9      | Noticed Harold
 11103 | D:9      | Killed Harold
 11104 | D:9      | Reached skill level 1 in Invocations
 11118 | D:9      | Slain by a yak

Illustrated notes

Levels and vault maps discovered:
D:1:      lightli_arrival_windingriver, layout_basic,
          hellmonk_ecumenical_altar_arch_garden
D:2:      layout_basic, minmay_hexomino_r4, uniq_sigmund
D:3:      layout_loops_ring, serial_shops, nicolae_shop_overgrown_old_shop,
          kennysheep_generic_room_4
D:4:      layout_gridville, uniq_edmund, uniq_ijyb, uniq_blork_the_orc,
          uniq_duvessa
D:5:      layout_cave_pools, portal_sewer_entry_d, serial_gnoll_camp,
          grums_kennel, gnoll_camp_medium_01, gnoll_camp_mini_loothouse,
          gnoll_camp_medium_02, gnoll_camp_mini_hut, gnoll_camp_mini_shop,
          chequers_serial_rivers_micro_b, uniq_crazy_yiuf_cottage
D:6:      layout_cave_pods, minmay_joined_circles, uniq_maggie, uniq_menkaure,
          uniq_eustachio
D:7:      gammafunk_corrupted_shrine, layout_basic,
          lemuel_coloured_pillars_altar, temple_doors_e,
          nicolae_shop_sticking_my_neck_out
D:8:      layout_basic, gammafunk_temple_overflow_claw
D:9:      layout_stronghold, erik_lair_orcish_takeover, serial_shops,
          shop_statue, minmay_misc_feat_rows, guppyfry_early_elven_hall,
          uniq_harold, uniq_pikel
Temple:   minmay_temple_bridge_d

Skill      XL: |  1  2  3  4  5  6  7  8  9 10 11 |
---------------+----------------------------------+-----
Staves         | 1 2 3 5 6 7 9 11 13 | 13.9
Fighting       | 4 5 |  5.4
Evocations     | 2 5 7 9 10 | 10.0
Invocations    | 2 |  2.0
Maces & Flails | |  2.0
Armour         | |  3.0
Shields        | |  3.0

Action                   |  1- 3 |  4- 6 |  7- 9 | 10-12 || total
-------------------------+-------+-------+-------+-------++-------
Melee: Flail             |    41 |       |       |       ||    41
       Lajatang          |    38 |    87 |   356 |   317 ||   798
Evoke: Wand              |       |     3 |     8 |    20 ||    31
  Use: Scroll            |     4 |     9 |     8 |     5 ||    26
       Potion            |       |       |     1 |     1 ||     2
 Stab: Sleeping          |       |     1 |       |       ||     1
       Paralysed         |       |       |       |     2 ||     2
Armor: Scale mail        |    30 |     4 |       |       ||    34
       Leather armour    |       |     3 |       |       ||     3
       Robe              |       |    17 |    38 |       ||    55
       Ring mail         |       |       |   106 |   119 ||   225
Dodge: Dodged            |    47 |    32 |   167 |   106 ||   352
Block: Buckler           |    11 |       |       |       ||    11

Table legend: (Time is in decaauts)
 A = Elapsed time spent in this place.
 B = Non-inter-level travel time spent in this place.
 C = Inter-level travel time spent in this place.
 D = Time resting spent in this place.
 E = Time spent auto-exploring this place.
 F = Levels seen in this place.
 G = Mean time per level.
                   A        B        C        D        E       F      G
               +--------+--------+--------+--------+--------+-----+--------+
         Total |  10916 |  10403 |    513 |   1869 |   6515 |  11 |  992.4 |
       Dungeon |  10175 |   9807 |    368 |   1869 |   6175 |   9 | 1130.6 |
        Temple |    383 |    238 |    145 |      0 |    212 |   1 |  383.0 |
         Sewer |    357 |    357 |      0 |      0 |    128 |   1 |  357.0 |
               +--------+--------+--------+--------+--------+-----+--------+

Top non-repeatable levels by time:
     D:5: 1422 daAuts
     D:6: 1343 daAuts
     D:8: 1217 daAuts
     D:1: 1200 daAuts
     D:2: 1137 daAuts
     D:9: 1094 daAuts
     D:4: 1050 daAuts
     D:7: 855 daAuts
     D:3: 854 daAuts
  Temple: 383 daAuts
   Sewer: 357 daAuts
